 Dungeon Crawl Stone Soup version 0.18-a0-1797-gc18daef (webtiles) character file.

15400 graki42 the Nimble (level 12, -7/195 HPs)
             Began as an Ogre Berserker on Apr 22, 2016.
             Was a High Priest of Trog.
             Mangled by a yak (16 damage)
             ... on level 2 of the Lair of Beasts.
             The game lasted 00:51:26 (13391 turns).

graki42 the Nimble (Ogre Berserker)                Turns: 13391, Time: 00:51:27

Health: -7/195     AC:  6    Str: 34    XL:     12   Next: 26%
Magic:  12/12      EV: 17    Int:  6    God:    Trog [*****.]
Gold:   727        SH:  0    Dex: 12    Spells: 0 memorised, 11 levels left

rFire  . . .     SeeInvis .     H - +0 giant spiked club
rCold  + . .     Gourm    +     W - +2 robe {rC+}
rNeg   . . .     Faith    .     (shield currently unavailable)
rPois  +         Spirit   .     (helmet restricted)
rElec  .         Dismiss  .     d - +0 cloak
rCorr  .         Reflect  .     (gloves unavailable)
SustAt .         Harm     .     (boots unavailable)
MR     +....                    I - amulet of the gourmand (curse)
Stlth  ..........               L - +3 ring of dexterity
                                h - ring of poison resistance

@: berserking (expiring), very quick, somewhat resistant to hostile
enchantments, extremely unstealthy
A: unfitting armour, tough skin 1
a: Berserk, Trog's Hand, Brothers in Arms, Burn Spellbooks, Renounce Religion


You were on level 2 of the Lair of Beasts.
You worshipped Trog.
Trog was extremely pleased with you.
You were very full.

You visited 2 branches of the dungeon, and saw 12 of its levels.
You also visited: Sewer and Ossuary.

You collected 727 gold pieces.

Inventory:

Hand Weapons
 C - a +1 flail of venom
 E - a +1 flail of protection
 H - a +0 giant spiked club (weapon)
Missiles
 D - 5 large rocks (quivered)
Armour
 d - a +0 cloak (worn)
 W - a +2 robe of cold resistance (worn)
Jewellery
 h - a ring of poison resistance (left hand)
 p - an uncursed amulet of dismissal
 q - an uncursed ring of protection from cold
 v - an uncursed ring of protection from fire
 I - a cursed amulet of the gourmand (around neck)
 L - a +3 ring of dexterity (right hand)
 Q - an uncursed ring of see invisible
 T - an uncursed ring of ice
Wands
 G - a wand of random effects (19/48)
 K - a wand of lightning (8/15)
Scrolls
 a - a scroll of teleportation {unknown}
 e - 3 scrolls of immolation
 j - 10 scrolls of identify
 l - 2 scrolls of fear
 m - 3 scrolls of enchant armour {unknown}
 o - a scroll of recharging
 r - 2 scrolls of amnesia
 t - a scroll of enchant weapon {unknown}
 x - a scroll of blinking
 y - 9 scrolls of remove curse
 z - 2 scrolls of fog
 B - 4 scrolls of magic mapping {unknown}
 M - 2 scrolls of noise {unknown}
Potions
 b - a potion of agility {unknown}
 g - 5 potions of heal wounds
 i - 3 potions of mutation {unknown}
 n - 8 potions of curing {unknown}
 s - 2 potions of might {unknown}
 u - 3 potions of magic {unknown}
 w - 2 potions of resistance {unknown}
 A - a potion of haste {unknown}
 S - a potion of lignification {unknown}
 U - a potion of invisibility
 V - a potion of flight {unknown}
Books
 N - a book of Conjurations

   Spells                             Type                      Level
   a - Magic Dart                     Conjuration                  1
   b - Searing Ray                    Conjuration                  2
   c - Dazzling Spray                 Conjuration/Hexes            3
   d - Fulminant Prism                Conjuration/Hexes            4
   e - Iskenderun's Mystic Blast      Conjuration                  4
   f - Iskenderun's Battlesphere      Conjuration/Charms           5
   Trog disapproves of the use of such an item.
Miscellaneous
 R - a stone of tremors
Comestibles
 c - 14 bread rations
 f - 2 beef jerkies
 k - 3 slices of pizza
 F - 4 meat rations
 O - 18 fruits
 P - 4 royal jellies


   Skills:
 + Level 11.1 Fighting
 + Level 11.3 Maces & Flails
 + Level 0.2 Throwing
 * Level 14.2 Dodging
 - Level 1.3 Stealth


You had 11 spell levels left.
You didn't know any spells.

Dungeon Overview and Level Annotations

Branches:
Dungeon (10/15)            Temple (0/1) D:5            Lair (2/8) D:9
    Orc: D:9-12

Altars:
Ashenzari
Cheibriados
Dithmenos
Elyvilon
Fedhas
Gozag
Makhleb
Qazlal
Trog
Xom

Annotations:
D:3 Natasha
D:8 Joseph
Lair:2 exclusion: oklob plant


Innate Abilities, Weirdness & Mutations

You are too large for most types of armour.
You have tough skin (AC +1).


Message History

The yak misses you.
You puncture the yak!
The yak is almost dead.
The yak barely misses you.
You thump the yak!
You feel the power of Trog in you as your rage grows.
You kill the yak!
Trog accepts your kill. The yak closely misses you.
You closely miss the yak. The yak misses you. The yak gores you.
* * * LOW HITPOINT WARNING * * *
You hit the yak.
The yak is lightly wounded.
The yak gores you.
* * * LOW HITPOINT WARNING * * *
The yak misses you.
You barely miss the yak.
The yak is lightly wounded.
The yak gores you!
You die...

.........?....P........P#
P#....#######..........# #
...#Y..######.#.........# #####
.........##........P....###.##.
..........P..............#.....
...............................
..........................)....
.............YY................
..............@[...............
.................#.##.#........
..................†##†.........
................##..##........
.......P........##.>##........
.###..............##.....####.
####.###.##..#.##.#..## #.
.....####.........## ##
......##.........## #


You could see 2 yaks.

Vanquished Creatures
  Fannar (Lair:2)
  A hydra (Lair:1)
  Erica (D:9)
  The ghost of wvc the Martial Artist, a novice DsMo of Cheibriados (D:10)
  An unseen horror (D:10)
  The ghost of Chiseanne the Chopper, a novice DDGl of Trog (D:5)
  A black mamba (Lair:2)
  5 komodo dragons
  2 trolls (D:9)
  A two-headed ogre (D:8)
  A wyvern (D:10)
  Sigmund (D:2)
  A hippogriff (Lair:1)
  15 yaks
  A basilisk (Lair:1)
  2 water moccasins
  Duvessa (D:4)
  3 porcupines
  3 orc warriors
  3 black bears
  4 ice beasts
  2 phantoms (D:5)
  2 ogres
  4 centaurs
  5 wolves (Lair:2)
  3 crocodiles
  5 big kobolds (Sewer)
  3 elf zombies (Ossuary)
  7 giant frogs
  4 scorpions
  Dowan (D:4)
  4 wights (D:6)
  A troll skeleton (D:10)
  A howler monkey (D:9)
  5 crimson imps
  3 giant frog zombies
  2 jellies
  7 hounds
  9 orc priests
  2 centaur zombies
  6 centaur skeletons
  A giant frog skeleton (D:9)
  10 iguanas
  5 worker ants
  12 orc wizards
  Natasha (twice) (D:3)
  A killer bee zombie (D:6)
  4 hound zombies
  3 mummies (Ossuary)
  A howler monkey skeleton (D:8)
  4 gnolls (D:6)
  18 adders
  24 river rats
  3 oozes (Sewer)
  An adder skeleton (D:7)
  2 adder zombies (Ossuary)
  5 worms
  2 dart slugs (D:1)
  4 giant geckos
  46 orcs
  6 ball pythons
  22 bats
  5 giant cockroaches
  A gnoll zombie (Ossuary)
  8 goblins
  8 hobgoblins
  15 jackals
  6 kobolds
  3 quokkas
  6 giant newts
  7 goblin zombies (Ossuary)
  A hobgoblin zombie (Ossuary)
  3 jackal zombies (Ossuary)
  5 kobold zombies (Ossuary)
  3 orc zombies (Ossuary)
  A quokka skeleton (D:5)
  5 quokka zombies (Ossuary)
  23 rats
  3 rat zombies (Ossuary)
405 creatures vanquished.

Vanquished Creatures (collateral kills)
  The ghost of Zhenya25pyc the Cudgeler, an amateur GrFi (D:4)
  An orc (D:4)
2 creatures vanquished.

Vanquished Creatures (others)
  A fungus (Lair:2)
1 creature vanquished.

Grand Total: 408 creatures vanquished

Notes
Turn   | Place    | Note
--------------------------------------------------------------
     0 | D:1      | graki42 the Ogre Berserker began the quest for the Orb.
     0 | D:1      | Reached XP level 1. HP: 24/24 MP: 1/1
    71 | D:1      | Reached skill level 3 in Dodging
    75 | D:1      | Reached XP level 2. HP: 16/32 MP: 2/2
   462 | D:1      | Reached XP level 3. HP: 33/40 MP: 3/3
   538 | D:1      | Reached ** piety under Trog
  1063 | D:2      | Reached XP level 4. HP: 49/49 MP: 4/4
  1103 | D:2      | Noticed Sigmund
  1126 | D:2      | Killed Sigmund
  1126 | D:2      | Reached skill level 4 in Dodging
  1126 | D:2      | Reached skill level 1 in Stealth
  1126 | D:2      | Reached XP level 5. HP: 36/55 MP: 5/5
  1258 | D:2      | Found a white marble altar of Elyvilon.
  1258 | D:2      | Found a shimmering altar of Xom.
  1261 | D:2      | Found a stormy altar of Qazlal.
  1261 | D:2      | Found a blossoming altar of Fedhas.
  1572 | D:3      | Reached XP level 6. HP: 52/63 MP: 6/6
  1601 | D:3      | Reached skill level 5 in Dodging
  1710 | D:3      | Noticed Natasha
  1718 | D:3      | Killed Natasha
  1718 | D:3      | Reached skill level 5 in Maces & Flails
  1770 | D:3      | Reached *** piety under Trog
  1847 | D:3      | Found a glowing drain.
  1861 | Sewer    | Entered a sewer
  1984 | Sewer    | Reached skill level 5 in Fighting
  2306 | Sewer    | Reached XP level 7. HP: 38/72 MP: 7/7
  2633 | Sewer    | Reached skill level 6 in Dodging
  2945 | D:3      | Reached XP level 8. HP: 83/83 MP: 8/8
  3133 | D:3      | Noticed Natasha
  3140 | D:3      | Killed Natasha
  3140 | D:3      | Reached **** piety under Trog
  3140 | D:3      | Reached skill level 7 in Dodging
  3178 | D:3      | Noticed Natasha
  3387 | D:4      | Noticed Zhenya25pyc's ghost (amateur GrFi)
  3400 | D:4      | Killed Zhenya25pyc's ghost
  3453 | D:4      | Noticed Duvessa
  3453 | D:4      | Noticed Dowan
  3464 | D:4      | Killed Dowan
  3468 | D:4      | Killed Duvessa
  3822 | D:4      | You fall through a shaft for 2 floors!
  3865 | D:6      | Reached skill level 8 in Dodging
  4032 | D:5      | Entered Level 5 of the Dungeon
  4085 | D:5      | Noticed Chiseanne's ghost (novice DDGl)
  4434 | D:5      | Killed Chiseanne's ghost
  4434 | D:5      | Reached skill level 9 in Dodging
  4434 | D:5      | Reached XP level 9. HP: 93/93 MP: 9/9
  4467 | D:5      | Found a staircase to the Ecumenical Temple.
  4578 | D:5      | Found a bloodstained altar of Trog.
  5065 | D:6      | Found a shattered altar of Ashenzari.
  5519 | D:6      | Reached skill level 10 in Dodging
  5850 | D:7      | Found a sand-covered staircase.
  5871 | Ossuary  | Entered an ossuary
  6224 | D:7      | Reached XP level 10. HP: 103/106 MP: 10/10
  6268 | D:7      | Found a snail-covered altar of Cheibriados.
  6636 | D:7      | Found a shadowy altar of Dithmenos.
  6705 | D:7      | Reached ***** piety under Trog
  6866 | D:8      | Received a gift from Trog
  6977 | D:8      | Reached skill level 11 in Dodging
  7039 | D:8      | Noticed Joseph
  8158 | D:9      | Noticed Erica
  8178 | D:10     | Entered Level 10 of the Dungeon
  8320 | D:9      | Killed Erica
  8320 | D:9      | Reached skill level 12 in Dodging
  8553 | D:9      | Reached XP level 11. HP: 85/117 MP: 11/11
  8685 | D:9      | Found a staircase to the Lair.
  8803 | D:10     | Found an opulent altar of Gozag.
  9063 | D:10     | Reached skill level 10 in Fighting
  9504 | D:10     | Noticed wvc's ghost (novice DsMo)
  9573 | D:10     | Killed wvc's ghost
  9573 | D:10     | Reached skill level 10 in Maces & Flails
 10066 | D:10     | HP: 4/117 [something (4)]
 10071 | D:10     | Killed an unseen horror
 10651 | D:10     | Reached skill level 13 in Dodging
 10866 | Lair:1   | Entered Level 1 of the Lair of Beasts
 11177 | Lair:1   | Noticed a six-headed hydra
 11229 | Lair:1   | Killed a six-headed hydra
 12359 | Lair:2   | Found a burning altar of Makhleb.
 12359 | Lair:2   | Noticed an oklob plant
 12635 | Lair:2   | Reached XP level 12. HP: 52/128 MP: 12/12
 12840 | Lair:2   | Noticed Fannar
 12864 | Lair:2   | Killed Fannar
 12939 | Lair:2   | Reached skill level 14 in Dodging
 13390 | Lair:2   | HP: 8/195 [yak (2)]
 13391 | Lair:2   | Mangled by a yak

Vault maps used:
D:1:      matt_arrival_grand_opening
D:2:      grunt_temple_overflow_open, first_bread, st_stairs_1,
          grunt_ministairs_1, uniq_sigmund
D:3:      portal_sewer_entry_b, uniq_natasha
D:4:      grunt_decor_mini_mirrors, uniq_duvessa
D:5:      lemuel_doored_altar, minmay_temple_entry_hall
D:6:      nicolae_overflow_hidden_temple
D:7:      overflow_temple_1_default, nicolae_ossuary_entry_false_entrances,
          grunt_dithmenos_smoke_and_mirrors
D:8:      uniq_joseph
D:9:      grunt_lair_entry_orc_guard_hut, uniq_erica
D:10:     statuecave_lemuel, hangedman_tell_no_tales, eino_tiny_chamber,
          nicolae_gozag_seed_capital
Lair:1:   beast_lair_carwin_large_1, lemuel_fruit_tree,
          infiniplex_staircase_pool_2
Lair:2:   beast_lair_carwin_large_3, nicolae_quartered_pool_little, st_stairs_7,
          grunt_forest_small_clearings, lemuel_oklob_altar, uniq_fannar
Sewer:    sewer_co_tree
Ossuary:  minmay_ossuary_two_tombs

Skill      XL: |  1  2  3  4  5  6  7  8  9 10 11 12 |
---------------+-------------------------------------+-----
Dodging        | 3 4 5 6 9 10 12 13 14 | 14.2
Stealth        | 1 |  1.3
Maces & Flails | 5 6 7 8 9 11 | 11.3
Fighting       | 5 6 7 8 9 10 11 | 11.1
Throwing       | |  0.2

Action                   |  1- 3 |  4- 6 |  7- 9 | 10-12 || total
-------------------------+-------+-------+-------+-------++-------
Melee: Mace              |   130 |   185 |   114 |       ||   429
       Flail             |       |       |   404 |   802 ||  1206
       Giant spiked club |       |       |       |    17 ||    17
Throw: Large rock        |       |       |       |     9 ||     9
Invok: Berserk           |     2 |     3 |     9 |    18 ||    32
       Trog's Hand       |       |     1 |     6 |    11 ||    18
       Brothers in Arms  |       |       |     1 |     2 ||     3
       Burn Spellbooks   |       |       |     1 |       ||     1
  Use: Scroll            |       |     9 |     1 |     1 ||    11
       Potion            |       |       |       |     1 ||     1
 Stab: Sleeping          |     3 |     1 |     2 |     1 ||     7
  Eat: Chunk             |     1 |     8 |    20 |    58 ||    87
       Royal jelly       |       |       |     1 |       ||     1
       Fruit             |       |       |     3 |       ||     3
Armor: Animal skin       |    61 |    58 |   124 |   126 ||   369
       Robe              |       |       |       |   136 ||   136
Dodge: Dodged            |    76 |    85 |   356 |   631 ||  1148
